 Dungeon Crawl Stone Soup version 0.27-a0-906-g0a00ce863d (webtiles) character file.

Game seed: 989193403857980960

16 wakim the Insei (level 2, -3/18 HPs)
             Began as an Octopode Transmuter on Apr 6, 2021.
             Slain by Terence
             ... wielding a +0 hand axe
              (9 damage)
             ... on level 2 of the Dungeon.
             The game lasted 00:01:42 (1323 turns).

wakim the Insei (Octopode Transmuter)               Turns: 1323, Time: 00:01:43

Health: -3/18      AC:  1    Str:  9    XL:     2   Next: 58%
Magic:  4/5        EV: 13    Int: 15    God:
Gold:   58         SH:  0    Dex: 12    Spells: 2/5 levels left

rFire    . . .     SeeInvis .     - Unarmed
rCold    . . .     Faith    .   (no shield)
rNeg     . . .     Spirit   .   (helmet currently unavailable)
rPois    .         Reflect  .   (no amulet)
rElec    .         Harm     .   (no ring)
rCorr    .         Rampage  .   (no ring)
Will     .....                  (no ring)
Stlth    +++.......             (no ring)
HPRegen  0.06/turn              (no ring)
MPRegen  0.09/turn              (no ring)
                                (no ring)
                                (no ring)

@: appendages (expiring)
A: tentacle spike 3, almost no armour, amphibious, 8 rings, camouflage 1,
gelatinous body 1, (nimble swimmer 1), tentacles
a: End Transformation


You were on level 2 of the Dungeon.
One of your tentacles had grown a beastly spike.
You visited 1 branch of the dungeon, and saw 2 of its levels.

You collected 58 gold pieces.

Inventory:

Scrolls
 r - a scroll of identify
Potions
 a - 2 potions of cancellation {unknown}
 c - a potion of might {unknown}


   Skills:
 - Level 1.0 Fighting
 - Level 2.0 Dodging
 + Level 1.6 Stealth
 * Level 3.6 Unarmed Combat
 - Level 2.0 Spellcasting
 - Level 2.0 Transmutations


You had 2 spell levels left.
You knew the following spells:

 Your Spells              Type           Power      Damage    Failure   Level
a - Beastly Appendage     Tmut           14%        N/A       10%         1
b - Wereblood             Tmut           7%         N/A       14%         2

Your spell library contained the following spells:

 Spells                   Type           Power      Damage    Failure   Level
 Shock                    Conj/Air       4%         1d3       22%         1
 Spider Form              Tmut/Pois      2%         N/A       41%         3
 Dazzling Flash           Conj/Hex       2%         N/A       54%         3
 Ice Form                 Ice/Tmut       4%         N/A       82%         4
 Iskenderun's Mystic Bla  Conj/Tloc      1%         2d3       91%         4
 Hydra Form               Tmut           3%         N/A       95%         5
 Irradiate                Conj/Tmut      2%         3d14      99%         5
 Conjure Ball Lightning   Conj/Air       0%         3x3d6     100%        6


Dungeon Overview and Level Annotations

Branches:
Dungeon (2/15)

Altars:

Annotations:
D:2 Robin, Terence


Innate Abilities, Weirdness & Mutations

One of your tentacles has grown a beastly spike.
You cannot wear most types of armour.
You are amphibious.
You can wear up to eight rings at the same time.
Your skin changes colour to match your surroundings (Stealth+).
Your rubbery body absorbs attacks. (AC +1, EV +1)
((You are camouflaged near water. (Stealth+)))
You have tentacles for arms and can constrict up to eight enemies at once.


Message History

You howl as the wereblood boils in your veins!
Your primal bloodlust has ended.
There is a stone staircase leading up here.
You climb upwards.
There is a stone staircase leading down here.
You start resting.
HP restored.
You climb downwards.
Level annotation: Robin, Terence Terence completely misses you.
Terence hits you with a +0 hand axe.
There is a stone staircase leading up here.
Casting: Beastly Appendage (safe; 10% risk of failure)
Confirm with . or Enter, or press ? or * to list all spells.
One of your tentacles grows a vicious spike.
Your transformation is almost over.
Terence barely misses you.
You tentacle-slap Terence. Your grab misses Terence.
You pierce Terence.
You squeeze Terence, but do no damage.
Terence is heavily wounded.
Terence hits you with a +0 hand axe.
You tentacle-slap Terence but do no damage.
Your grab misses Terence.
Your tentacle spike misses Terence.
Your squeeze misses Terence.
Terence is moderately wounded.
Terence barely misses you.
You completely miss Terence. Your grab misses Terence.
Terence is moderately wounded.
Terence hits you with a +0 hand axe.
* * * LOW HITPOINT WARNING * * *
You tentacle-slap Terence but do no damage.
Your grab misses Terence.
Terence is moderately wounded.
Terence hits you with a +0 hand axe.
* * * LOW HITPOINT WARNING * * *
You barely miss Terence. You grab Terence. Your squeeze misses Terence.
Terence is moderately wounded.
You constrict Terence, but do no damage.
Terence hits you with a +0 hand axe!
Ouch! That really hurt!
You die...

###.###.####.......##
##...## ##.....##
#>### ##...## #.#
##'## #.# #.# #.#
###.##### #.#
#.......#
#.########.......#
#..@@............#
##########..).#..###
#.#.##....@
#)#####.### #.......#
#########


You could see Terence.

Vanquished Creatures
  2 endoplasms
  2 giant cockroaches (D:1)
  2 goblins (D:2)
  3 hobgoblins
  3 kobolds
  A frilled lizard (D:2)
13 creatures vanquished.

Notes
Turn   | Place    | Note
-------+----------+-------------------------------------------
     0 | D:1      | wakim the Octopode Transmuter began the quest for the Orb.
     0 | D:1      | Reached XP level 1. HP: 13/13 MP: 3/3
   498 | D:1      | Reached skill level 1 in Stealth
   500 | D:1      | Reached XP level 2. HP: 15/18 MP: 3/5
   782 | D:1      | Identified Cygyhal's Compendium of Conjuration
  1192 | D:2      | Noticed Robin
  1192 | D:2      | Noticed Terence
  1200 | D:2      | Learned a level 2 spell: Wereblood
  1323 | D:2      | Slain by Terence

Illustrated notes

Levels and vault maps discovered:
D:1:      dpeg_arrival_tiny_j, layout_loops_ring
D:2:      layout_loops_corners, uniq_terence, uniq_robin

Skill      XL: |  1 |
---------------+----+-----
Stealth        | 1 |  1.6
Fighting       | |  1.0
Dodging        | |  2.0
Unarmed Combat | |  3.6
Spellcasting   | |  2.0
Transmutations | |  2.0

Action                   || total
-------------------------++-------
Melee: Unarmed           ||    36
       Kick              ||     8
       Constrict         ||     7
       Tentacles         ||     4
 Cast: Beastly Appendage ||    10
       Wereblood         ||     1
  Use: Scroll            ||     2
 Stab: Sleeping          ||     4
Armor: Skin              ||     2
Dodge: Dodged            ||    17

Table legend: (Time is in decaauts)
 A = Elapsed time spent in this place.
 B = Non-inter-level travel time spent in this place.
 C = Inter-level travel time spent in this place.
 D = Time resting spent in this place.
 E = Time spent auto-exploring this place.
 F = Levels seen in this place.
 G = Mean time per level.
                   A        B        C        D        E       F      G
               +--------+--------+--------+--------+--------+-----+--------+
         Total |   1321 |   1319 |      2 |     85 |   1073 |   2 |  660.5 |
       Dungeon |   1321 |   1319 |      2 |     85 |   1073 |   2 |  660.5 |
               +--------+--------+--------+--------+--------+-----+--------+

Top non-repeatable levels by time:
     D:1: 939 daAuts
     D:2: 382 daAuts
